 Dungeon Crawl Stone Soup version 0.19.1 (webtiles) character file.

44 ChaseSP the Changer (level 3, 0/18 HPs)
             Began as a Vine Stalker Transmuter on Nov 24, 2016.
             Succumbed to an adder's poison
             ... on level 2 of the Dungeon on Nov 25, 2016.
             The game lasted 00:03:20 (1520 turns).

ChaseSP the Changer (Vine Stalker Transmuter)       Turns: 1520, Time: 00:03:21

Health: 0/18       AC:  1    Str: 13    XL:     3   Next: 60%
Magic:  3/7        EV: 12    Int: 13    God:
Gold:   22         SH:  0    Dex: 14    Spells: 3 memorised, 0 levels left

rFire  . . .     SeeInvis .       - Unarmed
rCold  . . .     Gourm    .     b - +0 robe
rNeg   . . .     Faith    .     (no shield)
rPois  .         Spirit   +     (no helmet)
rElec  .         Reflect  .     (no cloak)
rCorr  .         Harm     .     (no gloves)
MR     .....                    (no boots)
Stlth  +.........               (no amulet)
                                (no ring)
                                (no ring)

@: lethally poisoned (0 -> -4), very slightly contaminated
A: fangs 2, talons 1, deformed body, robust 1, magic shield, antimagic bite, no
device heal 3, rot immunity
a: no special abilities


You were on level 2 of the Dungeon.
You were not hungry.

You visited 1 branch of the dungeon, and saw 2 of its levels.

You collected 22 gold pieces.

Inventory:

Missiles
 a - 10 arrows
Armour
 b - a +0 robe (worn)
Jewellery
 i - a +2 ring of dexterity {unknown}
Scrolls
 e - 3 scrolls of magic mapping {unknown}
 g - a scroll of identify {unknown}
 j - a scroll of fog {unknown}
 l - a scroll of teleportation {unknown}
Books
 c - a book of Changes

   Spells                             Type                      Level
   a - Beastly Appendage              Transmutation                1
   b - Sticks to Snakes               Transmutation                2
   c - Spider Form                    Transmutation/Poison         3
   d - Ice Form                       Ice/Transmutation            4
   e - Blade Hands                    Transmutation                5
Comestibles
 d - 4 bread rations
 f - 2 chunks of flesh
 h - a meat ration


   Skills:
 - Level 0.8 Fighting
 - Level 1.5 Dodging
 - Level 3.0 Unarmed Combat
 - Level 2.1 Spellcasting
 * Level 3.7 Transmutations
 * Level 0.6 Poison Magic


You couldn't memorise any spells.
You knew the following spells:

 Your Spells              Type           Power        Failure   Level  Hunger
a - Beastly Appendage     Tmut           ##....       8%          1    ##.....
b - Sticks to Snakes      Tmut           ##......     10%         2    ###....
c - Spider Form           Tmut/Pois      #.........   34%         3    ####...


Dungeon Overview and Level Annotations

Branches:
Dungeon (2/15)

Altars:


Innate Abilities, Weirdness & Mutations

You have extremely sharp teeth.
When hurt, damage is shared between your health and your magic reserves.
Your bite disrupts and absorbs the magic of your enemies.
Potions and wands cannot restore your health.
You are immune to rotting.
You have sharp toenails.
Armour fits poorly on your strangely shaped body.
You are robust. (+10% HP)


Message History

The adder bites you but does no damage.
You barely miss the adder. Your bite misses the adder.
The adder is almost dead.
The adder completely misses you. The adder barely misses you.
You closely miss the adder. Your bite misses the adder.
The adder is almost dead.
* * * LOW HITPOINT WARNING * * *
You feel sick. The adder barely misses you.
You hit the adder.
You kill the adder!
It was a potion of mutation.
You feel extremely strange.
You feel robust.
Your body twists and deforms.
Your toenails lengthen and sharpen.
There is a lethal amount of poison in your body!
* * * LOW HITPOINT WARNING * * *
You feel sick.
* * * LOW HITPOINT WARNING * * *
You feel sick.
You see here an adder corpse.
You die...

#.#######.....##.#.##.#
#.#.......#.#.##.#.##.#
#.#.#####.#.#.##......#
#÷#.##......#.####.####
#.#.##.##.###.## #.#
#.#.##....##)..###.####
#.#...((..............#
####....(..#(##...###.####
#......#.†.@.....## #.####
#.##.####.##...#...##
#....#
...........#####..>#
#..#.# ..#######..# #...#
#..# # # ##.# #...# #....
#.# #...# ##.#.# #.# ...#
.#.# #.# ...# .# # #.. ..


There were no monsters in sight!

Vanquished Creatures
  2 adders (D:2)
  3 giant cockroaches (D:1)
  2 goblins
  3 hobgoblins (D:1)
  4 jackals (D:1)
  5 kobolds (D:1)
  A ball python (D:2)
  3 bats (D:1)
  A frilled lizard (D:1)
  2 rats (D:1)
26 creatures vanquished.

Notes
Turn   | Place    | Note
-------+----------+-------------------------------------------
     0 | D:1      | ChaseSP the Vine Stalker Transmuter began the quest for the Orb.
     0 | D:1      | Reached XP level 1. HP: 9/9 MP: 4/4
   155 | D:1      | Reached XP level 2. HP: 7/14 MP: 6/6
   162 | D:1      | Learned a level 2 spell: Sticks to Snakes
   799 | D:1      | Reached XP level 3. HP: 9/17 MP: 5/7
   899 | D:1      | Learned a level 3 spell: Spider Form
  1511 | D:2      | Gained mutation: You are robust. (+10% HP) [potion of mutation]
  1511 | D:2      | Gained mutation: Armour fits poorly on your strangely shaped body. [potion of mutation]
  1511 | D:2      | Gained mutation: You have sharp toenails. [potion of mutation]
  1520 | D:2      | Succumbed to an adder's poison

Skill      XL: |  1  2 |
---------------+-------+-----
Transmutations | 3 |  3.7
Fighting       | |  0.8
Dodging        | |  1.5
Unarmed Combat | |  3.0
Spellcasting   | |  2.1
Poison Magic   | |  0.6

Action                   || total
-------------------------++-------
Melee: Unarmed           ||    86
       Bite              ||    18
       Headbutt          ||     3
       Kick              ||     2
       Punch             ||     1
 Cast: Beastly Appendage ||     5
       Sticks to Snakes  ||     2
  Use: Potion            ||     2
  Eat: Chunk             ||     2
Armor: Robe              ||    16
Dodge: Dodged            ||    71
